 Dungeon Crawl Stone Soup version 0.25.1-2-g60ff931df9 (webtiles) character file.

Game seed: 14689305695302612005

6307 nagaaym the Chopper (level 10, -3/69 HPs)
             Began as a Demonspawn Gladiator on Aug 25, 2020.
             Was a Priest of Makhleb.
             Killed from afar by an orc wizard (12 damage)
             ... with a puff of frost
             ... on level 9 of the Dungeon.
             The game lasted 01:13:22 (8816 turns).

nagaaym the Chopper (Demonspawn Gladiator)          Turns: 8816, Time: 01:13:23

Health: -3/69      AC: 13    Str: 16    XL:     10   Next: 63%
Magic:  10/10      EV: 11    Int:  9    God:    Makhleb [***...]
Gold:   472        SH: 17    Dex: 17    Spells: 9/9 levels left

rFire    . . .     SeeInvis .   C - +4 hand axe (freeze)
rCold    . . .     Gourm    .   H - +0 tower shield
rNeg     . . .     Faith    .   b - +3 leather armour
rPois    .         Spirit   .   c - +0 helmet
rElec    .         Reflect  +   g - +1 cloak
rCorr    .         Harm     .   (gloves unavailable)
MR       .....                  (no boots)
Stlth    ++++......             x - amulet of reflection
HPRegen  0.21/turn              D - +4 ring of protection
MPRegen  0.12/turn              (no ring)

@: no status effects
A: claws 3, frail 1, spiny 2, sturdy frame 2
a: Minor Destruction, Lesser Servant of Makhleb, Renounce Religion


You were on level 9 of the Dungeon.
You worshipped Makhleb.
Makhleb was most pleased with you.
You were hungry.

You visited 2 branches of the dungeon, and saw 10 of its levels.
You also visited: Bailey.

You collected 605 gold pieces.
You spent 133 gold pieces at shops.

Inventory:

Hand Weapons
 a - a +1 long sword
 r - a +0 spear of venom
 s - a +3 falchion
 w - a +1 hand crossbow of freezing
 A - a +2 dagger of protection
 C - a +4 hand axe of freezing (weapon)
 G - a +0 whip of freezing
Missiles
 d - 7 throwing nets
 e - 238 stones
 i - 39 boomerangs (quivered)
 k - 266 arrows
 p - 104 bolts
 y - 24 sling bullets
 M - 7 poisoned darts
Armour
 b - a +3 leather armour (worn)
 c - a +0 helmet (worn)
 g - a +1 cloak (worn)
 q - a +0 pair of gloves
 H - a +0 tower shield (worn)
Jewellery
 h - an uncursed ring of ice
 x - an amulet of reflection (around neck)
 D - a +4 ring of protection (left claw)
Wands
 u - a wand of paralysis (10)
 B - a wand of flame (11)
 F - a wand of enslavement (3)
Scrolls
 j - 4 scrolls of amnesia
 l - 2 scrolls of remove curse
 m - 2 scrolls of teleportation
 o - 3 scrolls of identify
 I - 2 scrolls of immolation
Potions
 n - 4 potions of curing
 t - 3 potions of heal wounds
 E - a potion of berserk rage
 J - 2 potions of ambrosia
 K - 2 potions of flight
Miscellaneous
 z - a box of beasts
Comestibles
 f - 16 rations
 L - a chunk of flesh


   Skills:
 + Level 6.4 Fighting
 + Level 6.6 Long Blades
 + Level 7.4 Axes
 + Level 2.1 Crossbows
 + Level 3.8 Throwing
 + Level 0.3 Armour
 + Level 5.4 Dodging
 + Level 7.3 Stealth
 + Level 2.2 Shields
 + Level 1.0 Invocations
 + Level 1.1 Evocations


You had 9 spell levels left.
You didn't know any spells.
Your spell library was empty.

Dungeon Overview and Level Annotations

Branches:
Dungeon (9/15)             Temple (1/1) D:5          Bailey (visited)
   Lair: D:8-11         Orc: D:9-12

Altars:
Ashenzari
Cheibriados
Dithmenos
Elyvilon
Fedhas
Gozag
Hepliaklqana
Kikubaaqudgha
Makhleb
Nemelex Xobeh
Okawaru
Qazlal
Ru
Sif Muna
Trog
Uskayaw
Vehumet
Wu Jian
Xom
Yredelemnul
Zin
The Shining One

Shops:
D:4 (


Innate Abilities, Weirdness & Mutations

You have claws for hands.
You are mostly covered in sharp spines.
Your movements are less encumbered by armour. (ER -4)
You are frail. (-10% HP)


Message History

The orc warrior hits you from afar with a +2 halberd of protection!!
* * * LOW HITPOINT WARNING * * *
You hit the wolf. You freeze the wolf.
The wolf is lightly wounded.
You barely miss something.
You are feeling hungry.
The wolf is struck by your spines. The wolf closely misses you.
You block the wolf's attack.
A polar bear comes into view.
The orc warrior hits you from afar with a +2 halberd of protection.
* * * LOW HITPOINT WARNING * * *
As you read the scroll of fear, it crumbles to dust.
You assume a fearsome visage.
The wolf looks frightened!
The polar bear looks frightened!
The polar bear growls angrily.
The orc warrior looks frightened!
You hear some strange, mumbled words.
A puff of frost appears from out of thin air!
The puff of frost hits you!
You die...

#.. #.. #.# #.#
#.# # . #.# .#
.. #.##..##.
...#####@.h.....
.........{......
......)o####.##.
...#.#..<..# #
#........#.#
...#.#...#.#
#..........#
#.......####
..#.#....


You could see an orc warrior (fleeing) and a wolf (fleeing).

Vanquished Creatures
  Pikel (D:8)
  2 orc knights (Bailey)
  A cyclops (D:6)
  2 trolls
  A hippogriff (D:6)
  A hungry ghost (D:5)
  Menkaure (D:7)
  A black bear (D:8)
  5 orc warriors
  3 phantoms
  A sky beast (D:7)
  3 ogres
  An ice beast (D:7)
  4 slaves (D:8)
  5 centaurs
  4 bullfrogs
  4 scorpions
  3 killer bees (D:8)
  4 wights (D:6)
  A vampire bat (D:3)
  8 howler monkeys (D:8)
  2 bullfrog zombies
  A jelly (D:8)
  3 hounds
  A bullfrog skeleton (D:7)
  5 orc priests
  Jessica (D:6)
  7 orc wizards
  2 iguanas (D:8)
  5 worker ants
  A hound skeleton (D:8)
  A gnoll (Bailey)
  13 adders
  3 shadow imps
  An ufetubus (D:9)
  An ooze (D:1)
  2 adder zombies
  A worm (D:2)
  5 dart slugs
  A leopard gecko (D:1)
  32 orcs
  A ball python (D:1)
  18 bats
  3 giant cockroaches
  13 goblins
  7 hobgoblins
  3 jackals (D:1)
  A quokka (D:8)
  7 frilled lizards
  A giant cockroach zombie (D:5)
  19 kobolds
  A leopard gecko zombie (D:5)
  2 quokka skeletons (D:5)
  A quokka zombie (D:7)
  5 rats
226 creatures vanquished.

Vanquished Creatures (collateral kills)
  A hobgoblin (Bailey)
  2 kobolds (Bailey)
3 creatures vanquished.

Vanquished Creatures (others)
  An orc warrior (Bailey)
  A gnoll (Bailey)
2 creatures vanquished.

Grand Total: 231 creatures vanquished

Notes
Turn   | Place    | Note
-------+----------+-------------------------------------------
     0 | D:1      | nagaaym the Demonspawn Gladiator began the quest for the
                  | Orb.
     0 | D:1      | Reached XP level 1. HP: 16/16 MP: 1/1
   241 | D:1      | Gained mutation: You have sharp fingernails. [demonic
                  | ancestry]
   241 | D:1      | Reached XP level 2. HP: 22/22 MP: 2/2
   529 | D:1      | Gained mutation: You are partially covered in sharp spines.
                  | [demonic ancestry]
   529 | D:1      | Reached XP level 3. HP: 27/27 MP: 3/3
   660 | D:1      | Gained mutation: You are frail. (-10% HP) [potion of
                  | mutation]
   660 | D:1      | Gained mutation: Your movements are slightly less
                  | encumbered by armour. (ER -2) [potion of mutation]
  1039 | D:2      | Reached XP level 4. HP: 28/29 MP: 4/4
  1562 | D:2      | Found a hazy altar of Hepliaklqana.
  1785 | D:3      | Mutation became permanent: Your movements are slightly less
                  | encumbered by armour. (ER -2) [demonic ancestry]
  1785 | D:3      | Gained mutation: Your movements are slightly less
                  | encumbered by armour. (ER -2) [demonic ancestry]
  1785 | D:3      | Reached XP level 5. HP: 23/36 MP: 5/5
  2169 | D:3      | Reached skill level 1 in Stealth
  2463 | D:4      | Gained mutation: You have very sharp fingernails. [demonic
                  | ancestry]
  2463 | D:4      | Reached XP level 6. HP: 36/42 MP: 6/6
  2559 | D:4      | Found a shattered altar of Ashenzari.
  2686 | D:4      | Found an opulent altar of Gozag.
  3136 | D:4      | Reached skill level 5 in Long Blades
  3180 | D:4      | Found Sivoass's Weapon Boutique.
  3196 | D:4      | Bought a +1 hand crossbow of freezing for 133 gold pieces
  3337 | D:5      | Entered Level 5 of the Dungeon
  3359 | D:5      | Found a staircase to the Ecumenical Temple.
  3391 | Temple   | Entered the Ecumenical Temple
  3402 | Temple   | Became a worshipper of Makhleb the Destroyer
  3591 | D:5      | Found a glowing golden altar of the Shining One.
  3628 | D:5      | Noticed a hungry ghost
  3631 | D:5      | Gained mutation: Your movements are less encumbered by
                  | armour. (ER -4) [demonic ancestry]
  3631 | D:5      | Reached XP level 7. HP: 26/46 MP: 7/7
  3646 | D:5      | Killed a hungry ghost
  5087 | D:6      | Reached XP level 8. HP: 24/54 MP: 8/8
  5441 | D:6      | Noticed Jessica
  5452 | D:6      | Killed Jessica
  5463 | D:6      | Found a shimmering blue altar of Sif Muna.
  5505 | D:6      | Noticed a troll
  5508 | D:6      | Noticed a hippogriff
  5509 | D:6      | Noticed a cyclops
  5515 | D:6      | Killed a troll
  5515 | D:6      | Reached skill level 1 in Axes
  5524 | D:6      | Killed a hippogriff
  5524 | D:6      | Reached * piety under Makhleb
  5532 | D:6      | Killed a cyclops
  5532 | D:6      | Reached skill level 5 in Stealth
  5916 | D:6      | Gained mutation: You are mostly covered in sharp spines.
                  | [demonic ancestry]
  5916 | D:6      | Reached XP level 9. HP: 56/59 MP: 9/9
  6203 | D:7      | Reached skill level 5 in Fighting
  6219 | D:7      | Noticed Menkaure
  6226 | D:7      | Killed Menkaure
  6232 | D:7      | Found a shimmering altar of Xom.
  6700 | D:7      | Reached skill level 5 in Axes
  6860 | D:7      | Found a hide-covered altar of Uskayaw.
  6997 | D:8      | Reached ** piety under Makhleb
  7070 | D:8      | Reached skill level 5 in Dodging
  7070 | D:8      | Gained mutation: You have claws for hands. [demonic
                  | ancestry]
  7070 | D:8      | Reached XP level 10. HP: 56/68 MP: 10/10
  7204 | D:8      | Noticed Pikel
  7245 | D:8      | Killed Pikel
  7482 | D:8      | Found a flagged portal.
  7489 | Bailey   | Entered a bailey
  7499 | Bailey   | Noticed an orc knight
  7512 | Bailey   | Noticed an orc knight
  7548 | Bailey   | Killed an orc knight
  7548 | Bailey   | Reached skill level 1 in Evocations
  7626 | Bailey   | Reached skill level 1 in Crossbows
  7639 | Bailey   | Reached *** piety under Makhleb
  7696 | Bailey   | Reached skill level 1 in Shields
  7711 | Bailey   | Killed an orc knight
  8467 | D:8      | Reached skill level 1 in Invocations
  8816 | D:9      | Killed from afar by an orc wizard

Illustrated notes

Levels and vault maps discovered:
D:1:      nzn_arrival_crosshair, layout_loops_ring, solitary_fountain,
          nrook_mini_backslash
D:2:      layout_basic, lemuel_round_altar, serial_corexii_hall,
          chequers_hall_statues_corner_a, chequers_hall_statues_y,
          corexii_hall_statues_i, chequers_hall_statues_wall_a, minivault_27
D:3:      layout_rooms, serial_glass, glass_columns_c, glass_columns_b,
          minmay_strange_pillars, due_unseen_surprise, minmay_strange_pillars,
          item_on_display_a, first_ration, roderic_batcave
D:4:      layout_cave_pods, overflow_temple_1_default, old_standard_altar,
          serial_shops, shop
D:5:      layout_basic, nicolae_tso_carved_into_rock, minmay_temple_entry_mist,
          minmay_misc_feat_tower
D:6:      minmay_cornered_nines, layout_cave_pools, tgw_sif
D:7:      layout_basic, marbit_many_paths, lemuel_crystal_altar,
          grunt_ogre_cave, uniq_menkaure
D:8:      layout_cave_pods, enter_bailey_3, uniq_pikel
D:9:      layout_basic, orc_0_dummy, serial_ice, serial_ice_d, serial_ice_l,
          serial_ice_n, serial_ice_g, serial_ice_a, serial_ice_e, serial_ice_m,
          serial_ice_o, serial_ice_f, serial_ice_b, fedhas_altar_2, uniq_maggie
Temple:   nicolae_temple_no_exploring_needed

Skill      XL: |  1  2  3  4  5  6  7  8  9 10 |
---------------+-------------------------------+-----
Throwing       | 2 3 |  3.8
Dodging        | 3 4 5 |  5.4
Long Blades    | 3 4 5 6 |  6.6
Stealth        | 1 2 3 5 7 |  7.3
Fighting       | 3 4 5 6 |  6.4
Axes           | 2 6 7 |  7.4
Evocations     | 1 |  1.1
Crossbows      | 2 |  2.1
Shields        | 2 |  2.2
Invocations    | 1 |  1.0
Armour         | |  0.3

Action                   |  1- 3 |  4- 6 |  7- 9 | 10-12 || total
-------------------------+-------+-------+-------+-------++-------
Melee: Long sword        |    66 |    75 |    62 |       ||   203
       Falchion          |       |    46 |       |    36 ||    82
       Hand axe          |       |       |   201 |   112 ||   313
 Fire: Hand crossbow     |       |       |       |    21 ||    21
Throw: Stone             |     2 |       |     4 |       ||     6
       Boomerang         |       |     8 |    16 |    13 ||    37
Invok: Minor Destruction |       |       |       |     3 ||     3
       Lesser Servant of |       |       |       |     1 ||     1
Evoke: Wand              |       |       |     4 |     6 ||    10
  Use: Scroll            |     7 |     7 |     6 |     5 ||    25
       Potion            |     3 |     2 |     2 |     2 ||     9
 Stab: Sleeping          |     2 |     5 |     6 |       ||    13
       Paralysed         |       |       |    14 |       ||    14
       Distracted        |       |       |       |     1 ||     1
  Eat: Chunk             |       |     9 |    13 |     5 ||    27
       Ration            |       |       |     1 |       ||     1
Armor: Leather armour    |    17 |    44 |    56 |    32 ||   149
Dodge: Dodged            |    40 |    72 |   127 |    70 ||   309
Block: Other             |       |       |    53 |    18 ||    71
       Reflection        |       |       |     1 |    36 ||    37
       Tower shield      |       |       |       |   108 ||   108
       Rpst.: Long sword |    15 |    15 |     7 |       ||    37
       Falchion          |       |     9 |       |     3 ||    12
